 Dungeon Crawl Stone Soup version 0.29.0-13-gc9e81de378 (webtiles) character file.

Game seed: 8460623108795545335

15467 SnakkuSnakku7 the Basher (level 12, 0/77 HPs)
             Began as a Tengu Abyssal Knight on Sept 10, 2022.
             Was the Champion of Lugonu.
             Succumbed to a redback's poison
             ... on level 2 of the Lair of Beasts.
             The game lasted 00:21:52 (13639 turns).

SnakkuSnakku7 the Basher (Tengu Abyssal Knight)    Turns: 13639, Time: 00:21:53

Health: 0/77       AC:  5    Str: 19    XL:     12   Next: 27%
Magic:  19/19      EV: 23    Int: 11    God:    Lugonu [******]
Gold:   251        SH:  0    Dex: 14    Spells: 11/11 levels left

rFire   . . .      SeeInvis .   a - +3 flail (freeze)
rCold   . . .      Faith    .   (no shield)
rNeg    . . .      Spirit   .   c - +0 troll leather armour {Pargi}
rPois   .          Reflect  .   (helmet restricted)
rElec   .          Harm     .   B - +0 cloak
rCorr   .          Rampage  .   (no gloves)
Will    .....                   (boots unavailable)
Stlth   +.........              (no amulet)
HPRegen 1.02/turn               H - +4 ring of evasion
MPRegen 0.16/turn               G - ring of wizardry

@: lethally poisoned (0 -> -43), flying quickly and evasively, quick
A: beak, talons 3, nimble flight
a: Renounce Religion, Depart the Abyss, Bend Space, Banish, Corrupt, Enter the
Abyss, Brand Weapon With Distortion


You were on level 2 of the Lair of Beasts.
You worshipped Lugonu.
Lugonu was exalted by your worship.
You visited 2 branches of the dungeon, and saw 12 of its levels.
You visited the Abyss 1 time.
You also visited: Sewer and Bailey.

You collected 816 gold pieces.
You spent 565 gold pieces at shops.

Inventory:

Hand Weapons
 a - a +3 flail of freezing (weapon)
 q - a +1 demon whip of venom
 u - a +0 morningstar
Missiles
 o - 18 boomerangs (quivered)
Armour
 b - a +0 leather armour
 c - a +0 troll leather armour (worn) {Pargi}
 j - a +0 ring mail
 B - a +0 cloak (worn)
 F - a +2 leather armour of fire resistance
 I - a +0 plate armour
Jewellery
 G - a ring of wizardry (right hand)
 H - a +4 ring of evasion (left hand)
 L - a +6 ring of intelligence
 P - a +6 ring of intelligence
Wands
 f - a wand of quicksilver (12)
 h - a wand of charming (24)
 i - a wand of polymorph (7)
 D - a wand of flame (14)
 R - a wand of mindburst (6)
Scrolls
 d - 17 scrolls of teleportation
 m - 2 scrolls of poison
 n - 2 scrolls of vulnerability
 x - 5 scrolls of blinking
 y - a scroll of immolation
 z - 2 scrolls of fear
 J - a scroll of enchant weapon
 N - 3 scrolls of enchant armour
 O - 2 scrolls of butterflies
Potions
 e - 3 potions of magic {unknown}
 g - 5 potions of ambrosia
 k - 6 potions of cancellation
 l - a potion of berserk rage {unknown}
 p - 4 potions of brilliance
 r - 8 potions of heal wounds
 s - 4 potions of curing
 t - a potion of flight {unknown}
 v - 7 potions of mutation
 A - 3 potions of attraction {unknown}
 C - 3 potions of might
 K - 2 potions of invisibility
 M - 3 potions of haste
 Q - 2 potions of resistance


   Skills:
 - Level 10.0 Fighting
 - Level 12.0 Maces & Flails
 - Level 5.0 Throwing
 - Level 2.1 Armour
 - Level 9.3 Dodging
 + Level 8.9 Invocations


You had 11 spell levels left.
You didn't know any spells.
Your spell library contained the following spells:

 Spells                   Type           Power      Damage    Failure   Level
 Ensorcelled Hibernation  Hex/Ice        0%         N/A       26%         2
 Passwall                 Tmut/Erth      0%         N/A       26%         2
 Poisonous Vapours        Pois/Air       0%         N/A       26%         2
 Frozen Ramparts          Ice            0%         1d1       43%         3
 Ozocubu's Armour         Ice            0%         N/A       43%         3
 Swiftness                Air            0%         N/A       43%         3
 Corpse Rot               Necr/Pois/Air  0%         N/A       82%         4
 Ice Form                 Ice/Tmut       0%         N/A       82%         4
 Leda's Liquefaction      Hex/Erth       0%         N/A       82%         4
 Summon Ice Beast         Ice/Summ       0%         N/A       82%         4
 Lee's Rapid Deconstruct  Erth           0%         3d5*      98%         5
 Statue Form              Tmut/Erth      0%         N/A       100%        6
 Polar Vortex             Ice            0%         N/A       100%        9


Dungeon Overview and Level Annotations

Branches:
Dungeon (10/15)            Temple (0/1) D:4            Lair (2/5) D:10
 Spider (0/4) Lair:2        Sewer (visited)          Bailey (visited)
  Swamp: Lair:2-3    Shoals: Lair:2-3       Orc: D:9-12

Altars:
Cheibriados
Elyvilon
Kikubaaqudgha
Makhleb
Okawaru
Qazlal
Sif Muna
Wu Jian
Xom
The Shining One

Shops:
D:4 ?

Portals:
Trove: D:10 (give +4 storm dragon scales)


Innate Abilities, Weirdness & Mutations

You have a beak for a mouth.
You have claws for feet.
Your magical nature lets you fly swiftly and evasively.


Message History

There is a web here.
You struggle to detach yourself from the web.
The jumping spider misses you. The jumping spider closely misses you.
The redback closely misses you. The culicivora closely misses you.
The web tears apart.
The jumping spider closely misses you. The jumping spider misses you.
The redback bites you but does no damage.
The culicivora bites you!
The culicivora draws strength from your injuries!
The jumping spider pounces on you! The jumping spider closely misses you.
The culicivora attacks as you move away!
The culicivora barely misses you. The redback completely misses you.
The redback attacks as you move away! The redback misses you.
The jumping spider attacks as you move away!
The jumping spider pounces on you! The jumping spider bites you.
You are too injured to fight recklessly!
You are too injured to fight recklessly!
You are too injured to fight recklessly!
You sock the jumping spider! You freeze the jumping spider.
You claw the jumping spider! Your peck misses the jumping spider.
The jumping spider is severely wounded.
The jumping spider completely misses you.
The jumping spider closely misses you.
You sock the jumping spider! You freeze the jumping spider.
You kill the jumping spider!
Lugonu accepts your kill. The redback closely misses you.
You hit the redback but do no damage. Your kick misses the redback.
The redback misses you.
You barely miss the redback. You peck the redback.
The redback is lightly wounded.
The redback bites you.
You are lethally poisoned!
The redback poisons you! The culicivora bites you!!
* * * LOW HITPOINT WARNING * * *
The culicivora draws strength from your injuries!
Blink to where?
Press: ? - help, Dir - move target
As you read the scroll of blinking, it crumbles to dust.
You die...

#### ###..# ##P#.### ###
#P...#.########..##
#####.........sss....##
###..##....#....§#......#
##....###..#.....##s....##
#.P...##...##...##^..####
#.........@...###.^^##
##.#.#...###..#^^.^^#
#.†....##.##.^^^##
###......##...^.###
####.###.#...^.##.#
#P...#####.>..##..##
###.#.##.## #....###
P#.........# ##...#.#
..........##########...###


There were no monsters in sight!

Vanquished Creatures
  2 two-headed ogres
  Amaemon (D:9)
  The ghost of robertstho the Shooter, a novice TeBe of Trog (D:7)
  Pikel (D:4)
  2 black mambas
  An orange demon (D:10)
  Joseph (D:9)
  Maurice (D:8)
  A cane toad (Lair:1)
  A torpor snail (Lair:2)
  A komodo dragon (Lair:1)
  A guardian mummy (D:10)
  A queen bee (D:8)
  3 trolls
  A culicivora (Lair:2)
  A jumping spider (Lair:2)
  3 wyverns
  20 yaks
  2 wraiths (D:10)
  A steam dragon (Lair:2)
  Eustachio (D:5)
  A basilisk (Lair:1)
  7 water moccasins
  Pargi (Sewer)
  3 orc warriors
  A sky beast (D:8)
  2 ice beasts (D:6)
  2 black bears
  A wolf (Bailey)
  2 centaurs
  3 lemures (D:4)
  2 phantoms
  3 necrophages
  3 bullfrogs
  A scorpion (D:5)
  4 wights (D:10)
  27 killer bees
  7 howler monkeys
  2 hounds (D:5)
  8 orc priests
  A gnoll bouda (D:9)
  4 iguanas
  4 orc wizards
  Natasha (twice) (D:3)
  Robin (D:3)
  8 adders
  13 gnolls
  A river rat (D:6)
  An ufetubus (D:7)
  2 worms
  3 dart slugs
  60 orcs
  6 endoplasms
  5 giant cockroaches
  12 goblins
  4 hobgoblins
  9 kobolds
  2 quokkas
  6 ball pythons
  3 bats
  14 frilled lizards
  5 rats
293 creatures vanquished.

Vanquished Creatures (others)
  4 fungi (Lair:2)
  6 plants
10 creatures vanquished.

Grand Total: 303 creatures vanquished

Notes
Turn   | Place    | Note
-------+----------+-------------------------------------------
     0 | Abyss:1  | SnakkuSnakku7 the Tengu Abyssal Knight began the quest for
                  | the Orb.
     0 | Abyss:1  | Reached XP level 1. HP: 14/14 MP: 3/3
     1 | D:1      | Escaped the Abyss
   275 | D:1      | Reached XP level 2. HP: 16/19 MP: 4/4
   303 | D:1      | Reached skill level 3 in Maces & Flails
   589 | D:1      | Found a faded altar of an unknown god.
  1326 | D:2      | Reached skill level 4 in Maces & Flails
  1326 | D:2      | Reached XP level 3. HP: 23/23 MP: 5/5
  1748 | D:2      | Reached XP level 4. HP: 28/28 MP: 6/6
  1874 | D:2      | Reached *** piety under Lugonu
  2275 | D:3      | Found a snail-covered altar of Cheibriados.
  2276 | D:3      | Found an ancient bone altar of Kikubaaqudgha.
  2277 | D:3      | Found a glowing golden altar of the Shining One.
  2277 | D:3      | Found an ornate altar of the Wu Jian Council.
  2296 | D:3      | Gained mutation: Your magical nature lets you fly swiftly
                  | and evasively. [Tengu growth]
  2296 | D:3      | Reached XP level 5. HP: 32/32 MP: 7/7
  2796 | D:3      | Identified the +7 whip "Poupel" {antimagic, Fragile rCorr
                  | Int+5}
  3017 | D:3      | Noticed Robin
  3039 | D:3      | Killed Robin
  3068 | D:3      | Reached **** piety under Lugonu
  3221 | D:3      | Noticed Natasha
  3231 | D:3      | Killed Natasha
  3269 | D:3      | Noticed Natasha
  3277 | D:3      | Killed Natasha
  3278 | D:3      | Reached XP level 6. HP: 31/37 MP: 2/8
  3577 | D:4      | Found a staircase to the Ecumenical Temple.
  3589 | D:4      | Reached skill level 5 in Throwing
  3589 | D:4      | Reached skill level 5 in Maces & Flails
  3803 | D:4      | Found Utte's Magic Scroll Shop.
  3811 | D:4      | Bought a scroll of identify for 22 gold pieces
  3811 | D:4      | Bought a scroll of identify for 22 gold pieces
  3811 | D:4      | Bought a scroll of blinking for 82 gold pieces
  3811 | D:4      | Bought 3 scrolls of teleportation for 99 gold pieces
  3811 | D:4      | Bought a scroll of teleportation for 33 gold pieces
  3899 | D:4      | Noticed Pikel
  3943 | D:4      | Killed Pikel
  3944 | D:4      | Reached skill level 8 in Maces & Flails
  3944 | D:4      | Reached XP level 7. HP: 10/41 MP: 3/9
  3944 | D:4      | Reached XP level 8. HP: 11/46 MP: 3/10
  4241 | D:4      | Found a shimmering blue altar of Sif Muna.
  4540 | D:5      | Entered Level 5 of the Dungeon
  4693 | D:5      | Reached skill level 9 in Maces & Flails
  4788 | D:4      | Bought a scroll of fear for 44 gold pieces
  5137 | D:5      | Noticed Eustachio
  5162 | D:5      | Killed Eustachio
  5180 | D:5      | Reached skill level 10 in Maces & Flails
  5919 | D:6      | Found a glowing drain.
  5937 | Sewer    | Entered a sewer
  5977 | Sewer    | Noticed Pargi
  5986 | Sewer    | Killed Pargi
  5987 | Sewer    | Reached skill level 11 in Maces & Flails
  5987 | Sewer    | Reached XP level 9. HP: 35/50 MP: 3/11
  7404 | D:7      | Found a white marble altar of Elyvilon.
  7409 | D:7      | Reached skill level 12 in Maces & Flails
  7508 | D:7      | Reached ***** piety under Lugonu
  7806 | D:7      | Found a runed translucent gate.
  7806 | D:7      | Found a runed translucent gate.
  7807 | D:7      | Found a runed translucent gate.
  7807 | D:7      | Noticed robertstho's ghost (novice TeBe)
  7977 | D:7      | Killed robertstho's ghost
  8127 | D:8      | Reached XP level 10. HP: 25/63 MP: 4/12
  8535 | D:8      | Noticed a two-headed ogre
  8723 | D:8      | Killed a two-headed ogre
  8724 | D:8      | Reached skill level 10 in Fighting
  8839 | D:8      | Found a stormy altar of Qazlal.
  8839 | D:8      | Found a shimmering altar of Xom.
  9135 | D:8      | Noticed Maurice
  9144 | D:8      | Killed Maurice
  9347 | D:8      | Found a burning altar of Makhleb.
  9352 | D:8      | Noticed a balrug
  9356 | D:8      | Noticed an orange demon
  9356 | D:8      | Noticed an orange demon
  9886 | D:9      | Reached skill level 5 in Dodging
  9980 | D:9      | Found an iron altar of Okawaru.
 10195 | D:9      | Noticed Joseph
 10215 | D:9      | Killed Joseph
 10238 | D:9      | Got the Discursus on Frozen Impurities
 10306 | D:8      | Reached XP level 11. HP: 51/71 MP: 4/13
 10511 | D:9      | Noticed a two-headed ogre
 10522 | D:9      | Killed a two-headed ogre
 10917 | D:4      | Bought 3 scrolls of teleportation for 99 gold pieces
 10917 | D:4      | Bought a scroll of blinking for 82 gold pieces
 10917 | D:4      | Bought a scroll of enchant armour for 82 gold pieces
 11071 | D:10     | Entered Level 10 of the Dungeon
 11148 | D:10     | Found a staircase to the Lair.
 11157 | D:10     | Noticed Amaemon
 11299 | D:10     | Found a flagged portal.
 11383 | Bailey   | Entered a bailey
 11888 | D:10     | Reached ****** piety under Lugonu
 11889 | D:10     | Found a portal to a secret trove of treasure.
 12166 | D:9      | Killed Amaemon
 12252 | D:10     | Reached skill level 5 in Invocations
 12406 | Lair:1   | Entered Level 1 of the Lair of Beasts
 12799 | Lair:1   | You are sucked into a shaft and drop 1 floor!
 12819 | Lair:2   | Reached XP level 12. HP: 54/77 MP: 18/18
 13629 | Lair:2   | Found a hole to the Spider Nest.
 13639 | Lair:2   | Succumbed to a redback's poison

Illustrated notes

Levels and vault maps discovered:
D:1:      dpeg_arrival_windows_large_door, layout_loops_ring,
          hellmonk_ecumenical_altar_lost_god, serial_rivers,
          chequers_serial_rivers_room_a, chequers_serial_rivers_micro_e,
          chequers_serial_rivers_large_b, chequers_serial_rivers_marsh,
          chequers_serial_rivers_marsh
D:2:      wander_river, layout_loops_cross, minmay_pentomino_z4
D:3:      layout_loops_corners, mainiacjoe_overflow_alcove_3, uniq_robin,
          uniq_natasha
D:4:      layout_loops_ring, nicolae_overflow_hidden_temple,
          minmay_temple_entry_proselytizer, serial_shops, shop, uniq_pikel
D:5:      layout_basic, uniq_eustachio
D:6:      layout_loops_corners, cheibrodos_sewer_entry_sluice
D:7:      layout_loops_ring, nicolae_elyvilon_peaceful_grove,
          ebering_ghost_rock_garden, minmay_misc_feat_enclosed
D:8:      layout_basic, makhleb_altar_promises_db,
          mainiacjoe_overflow_divided_tiny, uniq_maurice
D:9:      layout_basic, okawaru_gym_becter, special_room [special_room_bee],
          serial_aquarium, aquarium_bridge_long_separate
          [aquarium_subvault_wall, aquarium_subvault_bridge,
          aquarium_subvault_bridge, aquarium_subvault_wall,
          aquarium_subvault_bridge, aquarium_subvault_balcony],
          aquarium_bridge_square [aquarium_subvault_window,
          aquarium_subvault_bridge, aquarium_subvault_balcony,
          aquarium_subvault_balcony], aquarium_window_fake,
          aquarium_window_corridor_1, aquarium_window_fake, aquarium_window_2,
          aquarium_view_2e, aquarium_view_2b, aquarium_balcony_1b, uniq_joseph
D:10:     layout_cave_pools, lair_entry_dummy, enter_bailey_2,
          nicolae_trove_entry_path_of_doom, nicolae_elevator_lobby_asterisk,
          uniq_amaemon
Lair:1:   layout_chaotic_city
Lair:2:   layout_misc_corridors, minmay_shoals_entry_centaurs,
          spider_nest_entry_funnel_web

Skill      XL: |  1  2  3  4  5  6  7  8  9 10 11 12 |
---------------+-------------------------------------+-----
Maces & Flails | 4 8 11 12 | 12.0
Throwing       | 2 4 5 |  5.0
Fighting       | 7 10 | 10.0
Dodging        | 6 9 |  9.3
Invocations    | 7 8 |  8.9
Armour         | |  2.1

Action                   |  1- 3 |  4- 6 |  7- 9 | 10-12 || total
-------------------------+-------+-------+-------+-------++-------
Melee: Mace              |    56 |    36 |       |       ||    92
       Peck              |     9 |    14 |    48 |   113 ||   184
       Punch             |     1 |       |     3 |     5 ||     9
       Kick              |    10 |    34 |    74 |   171 ||   289
       Whip              |       |    82 |   227 |   465 ||   774
       Morningstar       |       |    18 |       |       ||    18
       Flail             |       |       |       |   116 ||   116
Throw: Boomerang         |       |     1 |     2 |    31 ||    34
Evoke: Wand              |       |     3 |     4 |    12 ||    19
  Use: Scroll            |     1 |     6 |     4 |    12 ||    23
       Potion            |     1 |       |       |     1 ||     2
 Stab: Sleeping          |       |       |       |     2 ||     2
Armor: Leather armour    |     6 |       |     2 |       ||     8
       Ring mail         |     7 |    33 |    25 |       ||    65
       Troll leather arm |       |       |     6 |    47 ||    53
       Skin              |       |       |       |    25 ||    25
Dodge: Dodged            |    30 |    57 |    72 |   466 ||   625
